 Dungeon Crawl Stone Soup version 0.28.0-62-gf88900778d (webtiles) character file.

Game seed: 6080362367139595816

11854 cbfl8 the Severer (level 11, -12/99 HPs)
             Began as a Minotaur Berserker on Mar 13, 2023.
             Was an Elder of Trog.
             Mangled by Erolcha
             ... wielding a +0 giant spiked club
              (23 damage)
             ... on level 10 of the Dungeon.
             The game lasted 00:18:29 (14170 turns).

cbfl8 the Severer (Minotaur Berserker)             Turns: 14170, Time: 00:18:30

Health: -12/99     AC: 17    Str: 29    XL:     11   Next: 54%
Magic:  10/10      EV: 11    Int:  4    God:    Trog [****..]
Gold:   560        SH:  0    Dex: 13    Spells: 10/10 levels left

rFire   . . .      SeeInvis .   e - +2 executioner's axe (vamp)
rCold   . . .      Faith    .   (shield currently unavailable)
rNeg    . . .      Spirit   .   g - +0 chain mail
rPois   .          Reflect  .   C - +1 hat
rElec   .          Harm     .   s - +0 cloak
rCorr   .          Rampage  .   (no gloves)
Will    .....                   q - +1 pair of boots
Stlth   ..........              (no amulet)
HPRegen 0.26/turn               a - +4 ring of slaying
MPRegen 0.12/turn               D - +6 ring of strength

@: on berserk cooldown, slowed, very slow
A: horns 2, retaliatory headbutt
a: Renounce Religion, Berserk, Trog's Hand, Brothers in Arms


You were on level 10 of the Dungeon.
You worshipped Trog.
Trog was greatly pleased with you.
You visited 1 branch of the dungeon, and saw 10 of its levels.
You also visited: Bailey.

You collected 582 gold pieces.
You spent 22 gold pieces at shops.

Inventory:

Hand Weapons
 b - a +0 war axe
 e - a +2 vampiric executioner's axe (weapon)
Armour
 g - a +0 chain mail (worn)
 q - a +1 pair of boots (worn)
 s - a +0 cloak (worn)
 C - a +1 hat (worn)
Jewellery
 a - a +4 ring of slaying (left hand)
 D - a +6 ring of strength (right hand)
Wands
 A - a wand of iceblast (8)
Scrolls
 c - 4 scrolls of teleportation
 d - 2 scrolls of blinking
 h - a scroll of brand weapon {unknown}
 k - a scroll of acquirement
 n - 2 scrolls of magic mapping
 o - a scroll of summoning
 r - 2 scrolls of enchant armour
 u - a scroll of fog
 w - a scroll of fear {unknown}
 y - a scroll of noise {unknown}
 z - 2 scrolls of identify
Potions
 f - 3 potions of ambrosia {unknown}
 i - 4 potions of curing {unknown}
 j - a potion of resistance
 l - 3 potions of haste {unknown}
 m - a potion of cancellation {unknown}
 t - a potion of flight {unknown}
 v - 2 potions of brilliance {unknown}
 x - a potion of lignification {unknown}
 B - a potion of mutation {unknown}
Miscellaneous
 p - a piece from Xom's chessboard (15/15)


   Skills:
 + Level 9.9 Fighting
 + Level 15.1 Axes
 + Level 12.0 Armour
 + Level 5.4 Dodging
 + Level 1.7 Stealth
 + Level 1.5 Unarmed Combat
 + Level 0.8 Evocations


You had 10 spell levels left.
You didn't know any spells.
Your spell library was empty.

Dungeon Overview and Level Annotations

Branches:
Dungeon (10/15)            Temple (0/1) D:6            Lair (0/6) D:9
    Orc (0/2) D:9          Bailey (visited)

Altars:
Ashenzari
Kikubaaqudgha
Qazlal
Sif Muna
Trog
Vehumet

Shops:
D:2 [*:*(   D:3 (!   D:7 *   D:9 *

Annotations:
D:10 2 runed translucent doors, Erolcha


Innate Abilities, Weirdness & Mutations

You have a pair of horns on your head.
You reflexively headbutt those who attack you in melee.


Message History

There is a strange disturbance nearby!
No target in view!
There is a strange disturbance nearby!
No target in view!
There is a strange disturbance nearby!
There is an open door here.
You hear some strange, mumbled words.
A fireball appears from out of thin air!
The fireball explodes!
The fireball engulfs you! Something hits you!!
You barely miss something. You headbutt something.
You hear some strange, mumbled words.
You hear some strange, mumbled words.
A red film seems to cover your vision as you go berserk!
You feel yourself moving faster!
You feel mighty!
You feel a strong urge to attack something.
You feel your anger nearly subside.
You are no longer berserk.
You are exhausted.
You feel yourself slow down.
You hear some strange, mumbled words.
There is an open door here.
Something hits you but does no damage. Something hits you! Something hits you.
You closely miss something. Something hits you!!
You hear some strange, mumbled words.
There is an open door here.
Something hits you but does no damage. Something hits you but does no damage.
You hit something.
You feel better.
Your headbutt misses something. Something hits you!!
* * * LOW HITPOINT WARNING * * *
You closely miss something.
Erolcha appears from thin air!
Reactivating autopickup.
Erolcha casts a spell.
Erolcha flickers and vanishes!
Deactivating autopickup; reactivate with Ctrl-A.
Something hits you but does no damage.
You're still recovering from your berserk rage.
You miss something. Something hits you!!
You die...

######### .####
####... #.:.....#
..... #......
#.......##.... #......
+......(..... #......
..........# ###......
........# #........
#..$..# #.#......
###.....# #.#####+#
#.'.{@..+ .# #........
#.#.....##.#.####....#
#.#........#..........
#.#.###......###......
#.#.# #......# #......
#.#.# #......# #......
#.#.###......###......
#.#...'......'..#....#
#.#.###......##.##...#


There were no monsters in sight!

Vanquished Creatures
  A boulder beetle (D:9)
  2 two-headed ogres
  A lindwurm (D:9)
  Pikel (D:6)
  Maurice (D:9)
  A gargoyle (D:10)
  An unseen horror (Bailey)
  Prince Ribbit (D:6)
  A shadow (D:10)
  4 yaks (D:6)
  Sigmund (D:3)
  4 wyverns
  A wraith (D:10)
  A steam dragon (Bailey)
  2 vampire mosquitoes (D:7)
  3 redbacks (D:9)
  Edmund (D:4)
  Duvessa (D:6)
  An acid dragon (D:9)
  6 water moccasins
  11 orc warriors
  A swamp drake (Bailey)
  A black bear (D:9)
  A necrophage (D:5)
  5 centaurs
  A boggart (Bailey)
  A phantom (D:5)
  3 lemures (D:6)
  A kobold brigand (D:8)
  6 bullfrogs
  4 gnoll sergeants
  4 scorpions
  A wyvern skeleton (D:6)
  Dowan (D:6)
  5 wights (D:7)
  An electric eel (D:9)
  6 howler monkeys
  2 lava snakes (D:9)
  A bullfrog zombie (D:6)
  2 centaur zombies
  5 orc priests
  3 hounds
  A jelly (D:7)
  Crazy Yiuf (D:4)
  A gnoll shaman (D:3)
  4 iguanas
  Ijyb (D:4)
  Natasha (thrice) (D:3)
  10 orc wizards
  A killer bee zombie (D:7)
  A howler monkey zombie (D:9)
  20 gnolls
  6 adders
  3 howler monkey skeletons
  A white imp (D:6)
  2 ufetubi
  2 adder skeletons (D:4)
  A worm (D:2)
  4 dart slugs
  50 orcs
  6 bats
  8 endoplasms
  6 goblins
  6 hobgoblins
  10 kobolds
  6 quokkas
  4 ball pythons
  2 rats (D:1)
261 creatures vanquished.

Vanquished Creatures (others)
  An orc (Bailey)
  19 fungi (D:9)
  26 plants (D:9)
46 creatures vanquished.

Grand Total: 307 creatures vanquished

Notes
Turn   | Place    | Note
-------+----------+-------------------------------------------
     0 | D:1      | cbfl8 the Minotaur Berserker began the quest for the Orb.
     0 | D:1      | Reached XP level 1. HP: 19/19 MP: 0/0
   131 | D:1      | Reached XP level 2. HP: 27/27 MP: 1/1
   181 | D:1      | Reached skill level 4 in Axes
   316 | D:1      | Found a faded altar of an unknown god.
   731 | D:2      | Found Zywneni's Book Shop.
   775 | D:2      | Found Zyiteurch's General Store.
   800 | D:2      | Found Kixzoffe's Weapon Emporium.
   991 | D:2      | Found Fiaph's Assorted Antiques.
   997 | D:2      | Reached ** piety under Trog
  1085 | D:2      | Reached XP level 3. HP: 26/33 MP: 2/2
  1505 | D:2      | Found Wuuzuih's Armour Shop.
  1694 | D:2      | Bought a scroll of identify for 22 gold pieces
  1874 | D:3      | Found Wuown's Antique Weapon Shoppe.
  1880 | D:3      | Reached XP level 4. HP: 40/40 MP: 3/3
  1963 | D:3      | Noticed Sigmund
  1968 | D:3      | Killed Sigmund
  1969 | D:3      | Reached skill level 5 in Axes
  1969 | D:3      | Reached XP level 5. HP: 47/47 MP: 4/4
  2061 | D:3      | Reached skill level 6 in Axes
  2134 | D:3      | Found Etar's Distillery.
  2238 | D:3      | Reached XP level 6. HP: 53/53 MP: 5/5
  2534 | D:3      | Noticed Natasha
  2535 | D:3      | Killed Natasha
  2648 | D:3      | Noticed Natasha
  2663 | D:3      | Killed Natasha
  2915 | D:3      | Noticed Natasha
  2926 | D:3      | Killed Natasha
  2927 | D:3      | Reached skill level 5 in Armour
  3172 | D:4      | Reached skill level 5 in Fighting
  3172 | D:4      | Reached XP level 7. HP: 61/61 MP: 6/6
  3255 | D:4      | Found a runed translucent door.
  3256 | D:4      | Noticed Crazy Yiuf
  3278 | D:4      | Noticed Edmund
  3284 | D:4      | Killed Edmund
  3285 | D:4      | Reached skill level 7 in Axes
  3372 | D:4      | Noticed Ijyb
  3380 | D:4      | Killed Ijyb
  3381 | D:4      | Reached skill level 1 in Unarmed Combat
  4251 | D:4      | Reached *** piety under Trog
  4371 | D:4      | Killed Crazy Yiuf
  4421 | D:5      | Entered Level 5 of the Dungeon
  4500 | D:5      | You fall into a shaft and drop 2 floors!
  4502 | D:7      | Noticed a vampire mosquito
  4502 | D:7      | Noticed a vampire mosquito
  4507 | D:7      | Killed a vampire mosquito
  4508 | D:7      | Reached skill level 8 in Axes
  4509 | D:7      | Killed a vampire mosquito
  4510 | D:7      | Reached XP level 8. HP: 70/70 MP: 7/7
  4946 | D:6      | Reached skill level 9 in Axes
  5197 | D:5      | Reached skill level 1 in Stealth
  5901 | D:6      | Noticed Duvessa
  5901 | D:6      | Noticed Dowan
  5910 | D:6      | Reached skill level 10 in Axes
  5910 | D:6      | Killed Duvessa
  5915 | D:6      | Killed Dowan
  5968 | D:6      | Identified the +6 quarterstaff "Votuih" {vamp, *Noise rF+++
                  | Int+5}
  6011 | D:6      | Reached XP level 9. HP: 24/78 MP: 8/8
  6476 | D:6      | Noticed Prince Ribbit
  6484 | D:6      | Killed Prince Ribbit
  6610 | D:6      | Found a bloodstained altar of Trog.
  6614 | D:6      | Noticed Pikel
  6626 | D:6      | Killed Pikel
  6630 | D:6      | Reached skill level 11 in Axes
  6909 | D:6      | Found a staircase to the Ecumenical Temple.
  7212 | D:7      | Reached skill level 12 in Axes
  7508 | D:7      | Found Muegy's Assorted Antiques.
  7717 | D:8      | Found a flagged portal.
  7725 | Bailey   | Entered a bailey
  7790 | Bailey   | Reached **** piety under Trog
  7809 | Bailey   | Reached XP level 10. HP: 57/88 MP: 9/9
  8095 | Bailey   | HP: 5/132 [orc/+0 spear (2)]
  8939 | Bailey   | Reached skill level 5 in Dodging
  8982 | Bailey   | HP: 2/88 [something] (4)]
  9243 | Bailey   | Reached skill level 10 in Armour
 10028 | D:8      | Noticed a two-headed ogre
 10035 | D:8      | Killed a two-headed ogre
 10036 | D:8      | Reached skill level 13 in Axes
 10679 | D:8      | Identified the +10 mace of Makhleb's Pride {vamp, *Corrode
                  | Str+5 SInv Stlth+}
 11215 | D:9      | Found a staircase to the Lair.
 11241 | D:9      | Reached XP level 11. HP: 82/97 MP: 10/10
 11334 | D:9      | Found a runed translucent door.
 11561 | D:9      | Noticed Maurice
 11562 | D:9      | Noticed a two-headed ogre
 11566 | D:9      | Killed Maurice
 11567 | D:9      | Reached skill level 14 in Axes
 11568 | D:9      | Killed a two-headed ogre
 11598 | D:9      | Found Pyfaisie's General Store.
 11601 | D:9      | Found a radiant altar of Vehumet.
 11665 | D:9      | Found a staircase to the Orcish Mines.
 11750 | D:9      | Found a shimmering blue altar of Sif Muna.
 12063 | D:9      | Found an ancient bone altar of Kikubaaqudgha.
 12113 | D:9      | Found a broken altar of Ashenzari.
 12435 | D:9      | Identified the +8 whip of Vifu Men {flame, rF+ rN+}
 12437 | D:9      | Found a runed translucent gate.
 12437 | D:9      | Found a runed translucent gate.
 12437 | D:9      | Found a runed translucent gate.
 12437 | D:9      | Found a runed translucent gate.
 12437 | D:9      | Found a runed translucent gate.
 12437 | D:9      | Found a runed translucent gate.
 12437 | D:9      | Noticed a boulder beetle
 12437 | D:9      | Noticed a lindwurm
 12497 | D:9      | Killed a boulder beetle
 12645 | D:9      | Killed a lindwurm
 12753 | D:9      | Found a stormy altar of Qazlal.
 13733 | D:10     | Entered Level 10 of the Dungeon
 13774 | D:10     | Reached skill level 15 in Axes
 13841 | D:10     | Found a large runed translucent door.
 13841 | D:10     | Found a large runed translucent door.
 14134 | D:10     | Noticed Erolcha
 14170 | D:10     | Mangled by Erolcha

Illustrated notes

Levels and vault maps discovered:
D:1:      kennysheep_arrival_forest, layout_rooms,
          hellmonk_ecumenical_altar_blasted
D:2:      layout_loops_cross, serial_shops, nicolae_lakefront_shop, shop, shop,
          shop, nicolae_shop_bloodbath_and_beyond
D:3:      layout_loops_ring, serial_shops, shop_fountains, shop, uniq_sigmund,
          uniq_natasha
D:4:      layout_cave_pods, chequers_jeans, hangedman_abyss_or_decor_stagger,
          uniq_crazy_yiuf_cottage, uniq_ijyb, uniq_edmund
D:5:      layout_loops_ring, grunt_decor_fettered
D:6:      layout_gridville, overflow_temple_1_default,
          minmay_temple_entry_nine_rooms, corexii_hall_statues_x,
          uniq_prince_ribbit1, uniq_duvessa, uniq_pikel
D:7:      layout_rooms, serial_shops, nicolae_stop_n_shop_1, grunt_ministairs_3
D:8:      layout_basic, enter_bailey_3
D:9:      gammafunk_indiana_jones, layout_irregular_city,
          nicolae_overflow_squiral, nicolae_overflow_hidden_temple,
          due_lair_maze_entry_diamond, orc_0_dummy, serial_shops,
          nicolae_shop_hallway_plus, uniq_maurice
D:10:     layout_basic, nicolae_hepliaklqana_hippocampus, jmf_multi_god_temple2,
          uniq_gastronok, uniq_erolcha

Skill      XL: |  1  2  3  4  5  6  7  8  9 10 11 |
---------------+----------------------------------+-----
Axes           | 4 5 6 8 10 12 13 15 | 15.1
Fighting       | 4 5 6 7 9 |  9.9
Armour         | 3 4 5 6 7 9 11 12 | 12.0
Dodging        | 3 4 5 |  5.4
Unarmed Combat | 1 |  1.5
Stealth        | 1 |  1.7
Evocations     | |  0.8

Action                   |  1- 3 |  4- 6 |  7- 9 | 10-12 || total
-------------------------+-------+-------+-------+-------++-------
Melee: Hand axe          |    76 |       |       |       ||    76
       Headbutt          |    10 |     2 |    38 |    41 ||    91
       War axe           |     9 |    46 |   177 |    84 ||   316
       Unarmed           |       |    33 |       |       ||    33
       Punch             |       |       |     8 |     2 ||    10
       Executioner's axe |       |       |       |   178 ||   178
Invok: Berserk           |       |     3 |     3 |     8 ||    14
       Trog's Hand       |       |       |       |     1 ||     1
Evoke: Wand              |       |       |       |     9 ||     9
  Use: Scroll            |     2 |     2 |     6 |     1 ||    11
       Potion            |       |       |     3 |     3 ||     6
 Stab: Invisible         |       |       |     1 |       ||     1
Armor: Animal skin       |     4 |       |       |       ||     4
       Scale mail        |    33 |    12 |    87 |    18 ||   150
       Skin              |       |       |     7 |       ||     7
       Chain mail        |       |       |       |   145 ||   145
Dodge: Dodged            |    48 |    49 |   131 |   181 ||   409
